 Dungeon Crawl Stone Soup version 0.25-a0-58-g9dd530fc12 (webtiles) character file.

Game seed: 11731844254308553978, levelgen mode: deterministic

116 Mort the Conjurer (level 4, -1/33 HPs)
             Began as a Draconian Wizard on Oct 26, 2019.
             Killed by divine providence
             ... invoked by an orc priest
              (12 damage)
             ... on level 3 of the Dungeon.
             The game lasted 00:05:44 (3402 turns).

Mort the Conjurer (Draconian Wizard)                Turns: 3402, Time: 00:05:45

Health: -1/33      AC:  5    Str: 10    XL:     4   Next: 69%
Magic:  2/8        EV: 12    Int: 19    God:
Gold:   94         SH:  0    Dex:  9    Spells: 6/9 levels left

rFire    . . .     SeeInvis .   e - +0 dagger
rCold    . . .     Gourm    .   (no shield)
rNeg     . . .     Faith    .   (armour unavailable)
rPois    .         Spirit   .   a - +0 hat
rElec    .         Reflect  .   (no cloak)
rCorr    .         Harm     .   (no gloves)
MR       .....                  (no boots)
Stlth    ++........             (no amulet)
HPRegen  0.11/turn              (no ring)
MPRegen  0.11/turn              (no ring)

@: very slightly contaminated
A: unfitting armour, cold-blooded, AC +5
a: no special abilities


You were on level 3 of the Dungeon.
You were hungry.

You visited 1 branch of the dungeon, and saw 3 of its levels.

You collected 94 gold pieces.

Inventory:

Hand Weapons
 e - a +0 dagger (weapon)
Missiles
 b - 119 stones (quivered)
Armour
 a - a +0 hat (worn)
 h - a +0 large shield
Scrolls
 d - a scroll of enchant armour {unknown}
 i - a scroll of magic mapping {unknown}
 j - a scroll of identify {unknown}
Potions
 f - 3 potions of curing {unknown}
 g - a potion of haste {unknown}
 k - a potion of heal wounds {unknown}
 l - a potion of mutation {unknown}
Comestibles
 c - 5 rations
 m - 2 chunks of flesh


   Skills:
 - Level 1.7 Dodging
 - Level 1.7 Stealth
 - Level 3.0 Spellcasting
 - Level 4.0 Conjurations
 + Level 2.4 Summonings
   Level 1.0 Translocations


You had 6 spell levels left.
You knew the following spells:

 Your Spells              Type           Power        Failure   Level  Hunger
a - Magic Dart            Conj           ###.         3%          1    None
b - Call Imp              Summ           ##......     9%          2    ##.....

Your spell library contained the following spells:

 Spells                   Type           Power        Failure   Level  Hunger
 Blink                    Tloc           N/A          16%         2    ##.....
 Conjure Flame            Conj/Fire      ##......     21%         3    ###....
 Slow                     Hex            #.......     22%         2    ##.....
 Mephitic Cloud           Conj/Pois/Air  #.......     26%         3    ###....


Dungeon Overview and Level Annotations

Branches:
Dungeon (3/15)

Altars:
Ru


Innate Abilities, Weirdness & Mutations

Your plain brown scales are hard. (AC +5)
You cannot fit into any form of body armour.
You are cold-blooded and may be slowed by cold attacks.


Message History

Confirm with . or Enter, or press ? or * to list all spells.
Aiming: Magic Dart (safe; 3% risk of failure)
Press: ? - help, Shift-Dir - straight line, f/p - orc
Aim: an orc, wielding a +0 mace and wearing a +0 scale mail The magic dart hits the orc.
The orc is moderately wounded.
An orc comes into view. It is wielding a +0 war axe.
Casting: Magic Dart (safe; 3% risk of failure)
Confirm with . or Enter, or press ? or * to list all spells.
Aiming: Magic Dart (safe; 3% risk of failure)
Press: ? - help, Shift-Dir - straight line, f/p - orc
Aim: an orc, wielding a +0 mace and wearing a +0 scale mail (moderately wounded)
The magic dart hits the orc but does no damage.
The orc is moderately wounded.
The orc priest mumbles some strange prayers to Beogh against you.
Beogh smites you!
You are feeling hungry.
The orc priest calls down the wrath of Beogh upon you.
Beogh smites you!
You die...

#...........
#...########
######.).#####.##
.................
.######.#########
...............
#######.#######
#....# #@####.#
#.# o# #.# o# #.#
.# #o# .# #.# .#
#o####.# #.o.o.o#
########


You could see an orc priest and 2 orcs.

Vanquished Creatures
  4 adders
  An ooze (D:3)
  2 dart slugs
  3 leopard geckos
  5 orcs (D:3)
  3 giant cockroaches (D:1)
  6 goblins
  5 hobgoblins
  A ball python (D:2)
  10 bats
  4 frilled lizards
  9 kobolds
  5 rats
58 creatures vanquished.

Vanquished Creatures (collateral kills)
  An ooze (D:1)
  2 worms
3 creatures vanquished.

Grand Total: 61 creatures vanquished

Notes
Turn   | Place    | Note
-------+----------+-------------------------------------------
     0 | D:1      | Mort the Draconian Wizard began the quest for the Orb.
     0 | D:1      | Reached XP level 1. HP: 14/14 MP: 4/4
   332 | D:1      | Reached skill level 2 in Conjurations
   374 | D:1      | Reached XP level 2. HP: 20/20 MP: 1/6
   395 | D:1      | Learned a level 2 spell: Call Imp
   810 | D:1      | Reached skill level 3 in Conjurations
  1109 | D:1      | Reached XP level 3. HP: 26/26 MP: 4/7
  1702 | D:2      | Found a sacrificial altar of Ru.
  2219 | D:2      | Reached XP level 4. HP: 33/33 MP: 4/8
  2441 | D:2      | Reached skill level 4 in Conjurations
  3402 | D:3      | Killed from afar by an orc priest

Levels and vault maps discovered:
D:1:      dpeg_arrival_subterranean_lakeside_camping, layout_basic,
          minmay_pentomino_s4
D:2:      layout_basic, lemuel_round_altar
D:3:      layout_basic, lemuel_crystal_altar, xom_teletrap_fun, first_ration,
          trog_wizard

Skill      XL: |  1  2  3  4 |
---------------+-------------+-----
Conjurations   | 2 3 4 |  4.0
Summonings     | 2 |  2.4
Dodging        | |  1.7
Stealth        | |  1.7
Spellcasting   | |  3.0
Translocations | |  1.0

Action                   |  1- 3 |  4- 6 || total
-------------------------+-------+-------++-------
Melee: Unarmed           |    14 |       ||    14
       Tailslap          |     2 |     3 ||     5
       Dagger            |    23 |    30 ||    53
 Cast: Magic Dart        |    84 |    54 ||   138
       Call Imp          |     3 |     5 ||     8
  Eat: Chunk             |     1 |     3 ||     4
       Ration            |     1 |       ||     1
Armor: Skin              |    13 |    12 ||    25
Dodge: Dodged            |    26 |    31 ||    57

Table legend:
 A = Non-vault XP
 B = Vault XP
 C = Vault XP percentage of total XP
 D = Non-vault monster count
 E = Vault monster count
 F = Vault count percentage of total count
                 A         B        C        D         E       F
            +---------+---------+-------+---------+---------+-------
      Total |     148 |      18 |  10.8 |      51 |      10 |  16.4
            +---------+---------+-------+---------+---------+-------
        D:1 |      24 |      18 |  42.9 |      14 |      10 |  41.7
        D:2 |      74 |       0 |   0.0 |      21 |       0 |   0.0
        D:3 |      50 |       0 |   0.0 |      16 |       0 |   0.0
            +---------+---------+-------+---------+---------+-------
